 Dungeon Crawl Stone Soup version 0.19.0 (webtiles) character file.

670642 hyperkramin the Lord of Darkness (level 27, -15/170 HPs)
             Began as a Gargoyle Necromancer on Nov 6, 2016.
             Was the Champion of Kikubaaqudgha.
             Killed from afar by a Hell Sentinel (29 damage)
             ... with damnation
             ... on level 11 of a ziggurat.
             The game lasted 03:47:36 (63922 turns).

hyperkramin the Lord of Darkness (GrNe)            Turns: 63922, Time: 03:47:37

Health: -15/170    AC: 65    Str: 24      XL:     27
Magic:  47/55      EV: 15    Int: 35      God:    Kikubaaqudgha [******]
Gold:   2289       SH: 26    Dex: 14 (15) Spells: 9 memorised, 10 levels left

rFire  . . .     SeeInvis +     b - +9 trishula (holy)
rCold  + + .     Gourm    +     S - +6 plate armour "Focuk" {rPois Int+4 Dex+2 Slay+2}
rNeg   + + +     Faith    .     d - +5 shield of the Pirate {Dex-2 Slay+5}
rPois  ∞         Spirit   .     E - +3 hat of Pondering {ponderous, MR+ MP+10 Int+5}
rElec  +         Reflect  .     l - +1 cloak of the Spider Nest {rPois rC+ rN+ MR+}
rCorr  .         Harm     .     u - +2 pair of gloves {Str+3}
MR     +++++                    y - +1 pair of boots "Feleupot" {*Contam Int+8 Dex+3 Slay+2}
Stlth  ..........               X - amulet "Fuitodud" {Gourm rElec rC+ rN+}
                                L - ring of the Morning {*Slow +Inv MR+ MP+9 Slay+5}
                                x - ring of the Fool {Slay+5 SInv}

@: regenerating, repel missiles, corpse armour, slow
A: big wings, hooves 1, deterioration 1, negative energy resistance 1,
electricity resistance, unbreathing, petrification resistance, rot immunity, AC
+20
a: Fly, Receive Corpses, Torment, Renounce Religion, Evoke Invisibility
}: 5/15 runes: decaying, slimy, silver, golden, gossamer


You were on level 11 of a ziggurat.
You worshipped Kikubaaqudgha.
Kikubaaqudgha was exalted by your worship.
You were full.

You visited 12 branches of the dungeon, and saw 54 of its levels.
You visited 2 ziggurats, and saw 20 of their levels (deepest: 11).
You also visited: Labyrinth, Trove, Ossuary and Ice Cave.

You collected 9637 gold pieces.
You spent 7348 gold pieces at shops.

Inventory:

Hand Weapons
 a - a +9 demon trident of pain
 b - a +9 trishula of holy wrath (weapon)
Armour
 d - the +5 shield of the Pirate (worn) {Dex-2 Slay+5}
   (You took it off Donald on level 3 of the Swamp)

   It affects your dexterity (-2).
   It affects your accuracy and damage with ranged weapons and melee attacks
   (+5).
 l - the +1 cloak of the Spider Nest (worn) {rPois rC+ rN+ MR+}
   (You found it in a treasure trove)

   It protects you from cold.
   It protects you from poison.
   It protects you from negative energy.
   It affects your resistance to hostile enchantments.
 n - a +5 crystal plate armour
 u - a +2 pair of gloves of strength (worn)
 y - the +1 pair of boots "Feleupot" (worn) {*Contam Int+8 Dex+3 Slay+2}
   (You found it on level 4 of the Dungeon)

   It affects your intelligence (+8).
   It affects your dexterity (+3).
   It affects your accuracy and damage with ranged weapons and melee attacks
   (+2).
   It causes magical contamination when unequipped.
 E - the +3 hat of Pondering (worn) {ponderous, MR+ MP+10 Int+5}
   (You took it off Gastronok on level 10 of the Dungeon)

   It affects your intelligence (+5).
   It affects your resistance to hostile enchantments.
   It affects your magic capacity (+10).
 S - the +6 plate armour "Focuk" (worn) {rPois Int+4 Dex+2 Slay+2}
   (You found it on level 5 of the Vaults)

   It affects your intelligence (+4).
   It affects your dexterity (+2).
   It affects your accuracy and damage with ranged weapons and melee attacks
   (+2).
   It protects you from poison.
Jewellery
 k - an uncursed ring of resist corrosion
 p - the ring of Ycamn {rF++ rC- rN+ Int+5}
   (You took it off a minotaur in a labyrinth)

   [ring of positive energy]

   It affects your intelligence (+5).
   It greatly protects you from fire.
   It makes you vulnerable to cold.
   It protects you from negative energy.
 x - the ring of the Fool (left hand) {Slay+5 SInv}
   (You found it on level 5 of the Pits of Slime)

   [ring of see invisible]

   It affects your accuracy and damage with ranged weapons and melee attacks
   (+5).
   It lets you see invisible.
 L - the ring of the Morning (right hand) {*Slow +Inv MR+ MP+9 Slay+5}
   (You found it on level 3 of the Tomb of the Ancients)

   [ring of protection from magic]

   It affects your accuracy and damage with ranged weapons and melee attacks
   (+5).
   It affects your resistance to hostile enchantments.
   It affects your magic capacity (+9).
   It lets you turn invisible.
   It may slow you when you take damage.
 X - the amulet "Fuitodud" (around neck) {Gourm rElec rC+ rN+}
   (You found it on level 5 of the Pits of Slime)

   [amulet of the gourmand]

   It allows you to eat raw meat even when not hungry.
   It protects you from cold.
   It insulates you from electricity.
   It protects you from negative energy.
Wands
 r - a wand of heal wounds (2/9)
 M - a wand of teleportation (8/9)
 W - a wand of disintegration (3/24)
 Z - a wand of digging (13/24)
Scrolls
 h - 10 scrolls of blinking
 i - a scroll of enchant weapon
 m - 16 scrolls of teleportation
 A - 10 scrolls of magic mapping
 C - a scroll of holy word
 K - 21 scrolls of remove curse
 O - 5 scrolls of recharging
 R - 3 scrolls of fog
 U - 7 scrolls of fear
Potions
 e - 6 potions of resistance
 f - 6 potions of might
 g - 9 potions of heal wounds
 j - 21 potions of curing
 q - 3 potions of cancellation
 v - 4 potions of ambrosia
 D - 11 potions of cure mutation {!q}
 G - 7 potions of brilliance
 H - 7 potions of magic
 I - 6 potions of haste
 J - 5 potions of invisibility
 T - 8 potions of agility
Miscellaneous
 o - a fan of gales
Comestibles
 c - 21 bread rations
 z - 18 meat rations
 Q - 60 fruits


   Skills:
 + Level 16.8 Fighting
   Level 12.0 Maces & Flails
 - Level 14.0 Polearms
 - Level 21.2 Armour
 + Level 12.7 Dodging
 - Level 2.1 Stealth
 - Level 15.0 Shields
 - Level 9.0 Spellcasting
 - Level 7.6 Charms
 - Level 24.1 Necromancy
 - Level 7.4 Translocations
 - Level 7.2 Air Magic


You had 10 spell levels left.
You knew the following spells:

 Your Spells              Type           Power        Failure   Level  Hunger
a - Animate Dead          Necr           N/A          0%          4    None
b - Blink                 Tloc           N/A          1%          2    None
d - Dispel Undead         Necr           ########     1%          5    ###....
g - Apportation           Tloc           ######....   1%          1    None
m - Repel Missiles        Chrm/Air       ######       1%          2    None
q - Cigotuvi's Embrace    Necr           ########..   1%          5    ###....
r - Regeneration          Chrm/Necr      #######...   1%          3    None
t - Borgnjor's Revivific  Necr           ########..   8%          8    #######
w - Control Undead        Necr           ########..   0%          4    None


Dungeon Overview and Level Annotations

Branches:
Dungeon (15/15)            Temple (1/1) D:7            Lair (6/6) D:9
  Swamp (4/4) Lair:4       Spider (4/4) Lair:3        Slime (5/5) Lair:5
    Orc (2/2) D:10            Elf (0/3) Orc:2        Vaults (5/5) D:13
  Crypt (3/3) Vaults:2       Tomb (3/3) Crypt:3      Depths (5/5) D:15
   Hell (1/1)                 Zot (0/5) Depths:5
    Dis: Hell:1         Geh: Hell:1         Coc: Hell:1         Tar: Hell:1

Altars:
Ashenzari
Cheibriados
Dithmenos
Elyvilon
Fedhas
Gozag
Hepliaklqana
Kikubaaqudgha
Makhleb
Nemelex Xobeh
Okawaru
Qazlal
Ru
Sif Muna
Trog
Uskayaw
Vehumet
Xom
Yredelemnul
Zin
The Shining One
Beogh
Jiyva

Shops:
D:8 *   D:9 =   D:13 *   Orc:2 ([!}[   Vaults:1 ?   Vaults:4 (   Vaults:5 !}
Depths:1 [(:[}   Depths:3 [[[

Portals:
Hell: Depths:1 Depths:2 Depths:3 Depths:4 Depths:5
Abyss: Depths:2 Depths:4 Depths:5
Pandemonium: Depths:3

Annotations:
D:10 exclusion: oklob plant
Lair:2 exclusion: oklob plant
Swamp:4 Mara


Innate Abilities, Weirdness & Mutations

You are resistant to torment.
Your stone body is resilient. (AC +20)
You are immune to poison.
Your large and strong wings let you fly indefinitely.
You resist negative energy. (rN+)
You are resistant to electric shocks. (rElec)
You can survive without breathing.
You are immune to petrification.
You are immune to rotting.
You have large cloven feet.
Your body sometimes deteriorates upon taking damage.


Message History

The damnation engulfs the Hell Sentinel.
The Hell Sentinel completely resists.
The damnation engulfs the monstrous warmonger.
The Brimstone Fiend gestures at you.
The sphere of damnation explodes!
The damnation butts you!
* * * LOW HITPOINT WARNING * * *
The damnation butts your juggernaut zombie.
The damnation engulfs your ice dragon zombie.
The damnation engulfs your ettin zombie.
The damnation engulfs the Brimstone Fiend.
The Brimstone Fiend completely resists.
The damnation engulfs the Hell Sentinel.
The Hell Sentinel completely resists.
The damnation engulfs the monstrous warmonger.
Your ettin zombie barely misses the Brimstone Fiend.
Your ettin zombie hits the Brimstone Fiend!!
The Butt Sentinel gestures at you.
The sphere of damnation explodes!
The damnation engulfs you!
You die...
Kikubaaqudgha rasps: "You have failed me!
Butt... oblivion!"

▓▓...............
▓▓................
▓▓.................
▓..................
▓...........#......
▓▓...........16. ..*
▓..∩.......##.##../.
▓▓.........Z1116./..
▓.........Z@#...w..
▓..........Z6......
▓▓........Z&2......
▓▓................
▓▓...............
▓▓..............
▓▓▓...........▓
▓▓▓▓▓▓.▓▓▓▓▓▓ ▓▓


You could see Xotrix, a Hell Sentinel, a Tzitzimitl, a Brimstone Fiend, a
monstrous warmonger (berserk), a reaper, an Executioner, a torturous blood
saint, a torturous demonspawn (berserk), a friendly ice dragon zombie, a
friendly ettin zombie, a friendly deep troll earth mage zombie and a friendly
juggernaut zombie.

Vanquished Creatures
  2 pandemonium lords
  the Royal Jelly (Slime:5)
  5 ancient liches
  Mennas (Depths:2)
  18 greater mummies
  Sojobo (Depths:4)
  Boris (twice) (Vaults:3 Vaults:4)
  Frederick (Vaults:3)
  Xtahua (Depths:3)
  A caustic shrike (Depths:1)
  A golden dragon (Zig:6)
  The ghost of dsb250 the Executioner, an adept DsBe of Makhleb (D:11)
  6 bone dragons
  2 hellephants
  6 tentacled monstrosities
  Jorgrun (Swamp:3)
  An Ice Fiend (Zig:6)
  4 titans
  17 acid blobs
  Murray (Depths:1)
  9 liches
  Gastronok (D:10)
  A quicksilver dragon (Depths:2)
  An Executioner (Zig:6)
  10 sphinxes
  10 ancient champions
  Kirke (Swamp:1)
  2 thorn hunters
  3 storm dragons
  10 tengu reavers
  A shadow dragon (Vaults:5)
  Donald (Swamp:3)
  4 nagarajas (Zig:10)
  A warmonger (Zig:6)
  A daeva (Zig:9)
  2 revenants
  11 fire giants
  The ghost of alcopop the Zephyrmancer, a journeyman DrWz of Vehumet (D:14)
  4 azure jellies (Slime:5)
  5 large abominations
  10 frost giants
  3 deep elf sorcerers
  A draconian scorcher (Depths:5)
  A caustic shrike zombie (Zig:8)
  8 ghost moths
  3 iron dragons
  3 emperor scorpions (Spider:4)
  2 cacodemons
  A balrug (Zig:4)
  9 vault wardens
  A curse skull (Crypt:3)
  2 deep elf elementalists (Vaults:5)
  An orc warlord (Orc:1)
  3 draconian annihilators (Depths:4)
  16 very ugly things
  2 juggernaut skeletons
  9 ironheart preservers
  4 war gargoyles
  6 bennus
  12 stone giants
  5 entropy weavers
  A deep elf demonologist (Vaults:1)
  3 deep elf annihilators
  9 vampire knights
  A dire elephant (Zig:8)
  2 white draconians (Depths:5)
  5 spark wasps
  A yellow draconian (Depths:5)
  A mottled draconian (Depths:5)
  A dire elephant (shapeshifter) (Vaults:5)
  5 eidola
  4 deep elf death magi
  A merfolk impaler (Zig:7)
  13 ettins
  A minotaur (Lab)
  15 mummy priests
  Snorg (Lair:3)
  A blizzard demon (Zig:9)
  26 jiangshi
  11 fire dragons
  Josephine (D:10)
  4 deep elf high priests (Vaults:5)
  A death ooze (Slime:5)
  20 yaktaur captains
  10 great orbs of eyes
  31 vault guards
  16 hydras
  A quicksilver dragon zombie (Depths:3)
  2 rakshasas (Depths:1)
  A naga warrior (Zig:10)
  17 ice dragons
  Erolcha (D:12)
  A quicksilver dragon skeleton (Crypt:1)
  4 ghost crabs
  10 centaur warriors
  4 death knights
  5 alligators
  An anaconda (shapeshifter) (Zig:4)
  3 merfolk aquamancers
  5 spriggan air magi
  3 dancing weapons
  8 tengu warriors
  17 ogre magi
  5 death yaks
  16 vampire magi
  49 death scarabs
  9 deep troll shamans
  A hell hog (Zig:1)
  12 deep troll earth magi
  4 spriggan berserkers
  An orc high priest (Orc:2)
  Nergalle (Lair:2)
  A storm dragon zombie (Depths:3)
  A sun demon (Depths:1)
  3 shock serpents (Zig:10)
  A naga sharpshooter (Zig:10)
  7 deep elf knights
  3 soul eaters
  A sixfirhy (Hell)
  38 skeletal warriors
  4 iron trolls
  A fire crab (Lair:6)
  3 shadow wraiths
  An iron golem (Zig:7)
  A fire crab (shapeshifter) (Vaults:1)
  3 small abominations
  A spriggan druid (Swamp:3)
  3 unseen horrors
  A golden dragon zombie (Depths:3)
  14 hell knights
  35 deep trolls
  11 flayed ghosts
  A salamander mystic (Zig:10)
  2 sea snakes (Zig:7)
  4 wizards
  A naga ritualist (Zig:10)
  12 swamp dragons
  2 golden dragon skeletons
  3 glowing orange brains
  A tengu zombie (Depths:3)
  A shambling mangrove (Swamp:4)
  2 lindwurms (shapeshifter)
  2 anaconda skeletons
  6 hill giants
  3 lindwurms
  5 deep elf archers (Vaults:3)
  13 ironbrand convokers
  11 phantasmal warriors
  16 orc knights
  8 necromancers
  A fire giant zombie (Depths:3)
  3 frost giant zombies
  Pikel (D:5)
  A shadow dragon zombie (Zig:8)
  16 deep elf magi
  A harpy (shapeshifter) (Depths:5)
  2 tengu skeletons (Depths:3)
  2 mana vipers (Zig:10)
  41 ugly things
  2 orc sorcerers
  A shadow dragon skeleton (Crypt:3)
  25 wolf spiders
  12 orb spiders
  A wolf spider (shapeshifter) (Vaults:5)
  An iron dragon skeleton (Depths:3)
  4 shining eyes
  A salamander (Zig:10)
  A salamander (shapeshifter) (Vaults:1)
  3 stone giant zombies
  4 oklob plants (Zig:6)
  A sphinx zombie (Depths:3)
  3 moths of wrath
  3 frost giant skeletons
  7 cyclopes
  10 vault sentinels
  A centaur zombie (D:15)
  2 gargoyles (Zig:7)
  4 stone giant skeletons
  An apocalypse crab (Zig:9)
  A guardian serpent (Zig:10)
  A smoke demon (Depths:3)
  2 molten gargoyles (Lair:6)
  A water nymph (Zig:7)
  A black mamba (shapeshifter) (Depths:5)
  An elf zombie (Zig:8)
  An ice statue (Zig:7)
  8 black mambas
  A kobold demonologist (D:13)
  A dire elephant zombie (Crypt:1)
  2 spriggan zombies (Depths:3)
  2 hellions
  2 eyes of devastation
  2 spiny frogs (shapeshifter)
  7 elephants
  A torpor snail (shapeshifter) (Vaults:5)
  2 torpor snails (Zig:7)
  14 spiny frogs
  4 fire giant skeletons
  A shock serpent skeleton (Crypt:2)
  An alligator snapping turtle zombie (Crypt:1)
  35 yaktaurs
  A dire elephant skeleton (Tomb:2)
  4 efreet
  16 komodo dragons
  A mottled draconian zombie (Crypt:1)
  33 guardian mummies
  A rime drake (Orc:2)
  A queen bee (Spider:1)
  12 freezing wraiths
  A hellwing (Zig:6)
  3 ice devils
  An elf skeleton (Depths:3)
  7 demonic crawlers
  A golden dragon simulacrum (Crypt:2)
  32 jumping spiders
  A silent spectre (Depths:4)
  A red devil (Depths:3)
  2 hydra zombies
  4 merfolk (Zig:7)
  8 tyrant leeches
  3 tengu conjurers
  2 meliai (Spider:1)
  A wind drake (Zig:6)
  A mottled draconian skeleton (Crypt:2)
  A harpy zombie (Crypt:1)
  A meliai (shapeshifter) (Depths:2)
  A troll (shapeshifter) (Depths:1)
  9 trolls
  20 hornets
  2 polar bears
  25 two-headed ogres
  12 hippogriffs
  2 ettin zombies
  A raiju (shapeshifter) (Vaults:5)
  17 blink frogs
  5 dream sheep (Lair:5)
  82 slime creatures
  4 bog bodies
  A dream sheep (shapeshifter) (Vaults:5)
  2 stone giant simulacra
  A death drake skeleton (Crypt:3)
  A frost giant simulacrum (Crypt:1)
  3 snapping turtles (Zig:7)
  A fire dragon skeleton (Tomb:2)
  8 shadows
  47 redbacks
  3 hippogriffs (shapeshifter)
  6 air elementals (Depths:5)
  An alligator skeleton (Crypt:3)
  25 flying skulls
  10 water elementals
  18 tarantellas
  5 spriggans
  14 wraiths
  A hog (shapeshifter) (Vaults:2)
  5 wyverns
  Grum (D:8)
  49 yaks
  5 humans (D:9)
  10 ushabtiu
  2 golden eyes (shapeshifter)
  A hungry ghost (D:14)
  8 basilisks
  8 golden eyes
  3 steam dragons (Lair:6)
  A neqoxec (Zig:9)
  Menkaure (D:6)
  20 vampire mosquitoes
  A soldier ant (D:13)
  2 mottled dragons
  20 swamp worms
  21 insubstantial wisps
  A naga (Zig:10)
  7 wargs
  A swamp worm (shapeshifter) (D:15)
  A gelid demonspawn zombie (Crypt:2)
  5 hell hounds (Lair:6)
  Duvessa (D:6)
  8 porcupines
  15 water moccasins
  2 floating eyes
  A floating eye (shapeshifter) (Depths:2)
  12 swamp drakes
  46 orc warriors
  A spiny frog skeleton (Tomb:1)
  6 sky beasts
  A slave (D:5)
  Purgy (D:4)
  2 black bears
  A fire dragon simulacrum (Crypt:3)
  6 ice beasts (IceCv)
  3 phantoms
  3 necrophages
  83 ogres
  10 wolves
  4 eyes of draining
  A snapping turtle skeleton (Crypt:3)
  18 boggarts
  A swamp dragon skeleton (Crypt:2)
  21 centaurs
  An elephant skeleton (Crypt:2)
  13 crocodiles
  2 big kobolds
  Blork the orc (D:5)
  17 bullfrogs
  A draconian zombie (Crypt:3)
  A hippogriff zombie (Crypt:1)
  2 earth elementals (Zig:7)
  A wyvern zombie (D:9)
  4 water moccasin zombies
  Dowan (D:6)
  A wyvern skeleton (D:9)
  4 scorpions
  A troll zombie (Crypt:3)
  10 killer bees (Spider:1)
  A killer bee (shapeshifter) (D:15)
  5 electric eels
  11 wights
  3 howler monkeys
  4 crimson imps
  A bullfrog zombie (D:7)
  5 lava snakes (Lair:6)
  A hound (shapeshifter) (Depths:3)
  A quasit (D:12)
  8 hounds
  21 orc priests
  A wyvern simulacrum (D:14)
  3 jellies
  21 orc wizards
  3 bullfrog skeletons
  9 centaur skeletons
  6 iguanas
  A human skeleton (Crypt:1)
  11 worker ants
  A lightning spire (Zig:9)
  3 big kobold zombies (Ossuary)
  A naga zombie (Tomb:1)
  A naga skeleton (Crypt:2)
  A crocodile skeleton (Crypt:1)
  A human simulacrum (Crypt:1)
  2 hound skeletons
  55 mummies
  A howler monkey zombie (D:7)
  Robin (D:1)
  12 adders
  3 gnolls (D:4)
  2 shadow imps
  2 white imps
  3 oozes
  A worm zombie (Crypt:2)
  6 adder zombies
  2 adder skeletons
  2 worms
  3 dart slugs (D:1)
  9 leopard geckos
  113 orcs
  8 bats
  7 giant cockroaches
  2 gnoll zombies (Ossuary)
  16 goblins
  14 hobgoblins
  5 jackals
  6 quokkas
  4 ball pythons
  8 frilled lizards
  A goblin zombie (Crypt:3)
  5 hobgoblin zombies (Ossuary)
  10 kobolds
  5 kobold zombies (Ossuary)
  A leopard gecko skeleton (D:8)
  An orc skeleton (Crypt:1)
  6 orc zombies (Ossuary)
  2 quokka zombies
  7 rats
  A rat zombie (D:5)
  2 briar patches (Swamp:3)
  A crawling corpse (Vaults:5)
2491 creatures vanquished.

Vanquished Creatures (collateral kills)
  11 greater mummies
  Geryon (Hell)
  Nikola (Spider:1)
  A lich (Tomb:2)
  Rupert (Orc:2)
  2 tentacled monstrosities
  3 ancient champions
  A tentacled starspawn (Zig:9)
  A sphinx (Depths:2)
  2 azure jellies (Slime:5)
  2 revenants
  A fire giant (Depths:2)
  2 ghost moths
  A frost giant (Depths:2)
  A curse skull (Depths:4)
  A balrug (Hell)
  A caustic shrike zombie (Depths:3)
  2 ironheart preservers
  A reaper (Depths:1)
  3 very ugly things
  An entropy weaver (Zig:9)
  Nessos (Orc:2)
  A deep elf demonologist (Vaults:2)
  2 stone giants (Depths:2)
  6 bennus
  A spark wasp (Depths:2)
  A deep elf death mage (Vaults:5)
  A small abomination (Vaults:5)
  6 mummy priests
  A slime creature (Swamp:4)
  An ettin (Depths:2)
  2 death oozes (Slime:5)
  2 fire dragons
  2 jiangshi
  A great orb of eyes (Depths:1)
  A vault guard (Vaults:4)
  A yaktaur captain (Depths:1)
  2 hydras
  An ice dragon (Depths:3)
  A ghost crab (Swamp:3)
  An alligator (Swamp:1)
  2 ogre magi
  A deep troll shaman (Depths:1)
  2 centaur warriors (Vaults:1)
  A hell hog (shapeshifter) (Vaults:5)
  22 death scarabs
  A tengu warrior (Depths:3)
  A dancing weapon (Vaults:5)
  A deep troll earth mage (Depths:4)
  A spriggan berserker (Depths:2)
  A soul eater (Depths:4)
  A spriggan (Swamp:2)
  A sun demon (Hell)
  Sonja (Orc:2)
  A spatial maelstrom (Zig:9)
  A flayed ghost (Depths:3)
  9 skeletal warriors
  A large abomination (Vaults:5)
  A glowing orange brain (Depths:5)
  A swamp dragon (Swamp:4)
  A spriggan druid (Swamp:4)
  A wizard (Depths:2)
  9 ugly things
  4 wolf spiders
  A necromancer (Crypt:3)
  A mana viper (shapeshifter) (Vaults:1)
  A shadow dragon skeleton (Depths:3)
  A phantasmal warrior (Vaults:5)
  3 orb spiders
  2 deep elf magi (Vaults:5)
  A cyclops (Orc:2)
  A rust devil (Hell)
  A frost giant skeleton (Depths:3)
  A black mamba (Lair:6)
  A vault sentinel (Vaults:1)
  2 spiny frogs
  A centaur skeleton (D:15)
  A molten gargoyle (Lair:6)
  2 yaktaurs (Vaults:4)
  3 demonic crawlers
  A tengu conjurer (Depths:3)
  8 jumping spiders
  7 two-headed ogres
  A meliai (Spider:1)
  6 hornets
  A polar bear (Orc:2)
  9 guardian mummies
  A dream sheep (Lair:5)
  An iron dragon simulacrum (Zig:5)
  2 flying skulls
  A fire giant simulacrum (Crypt:3)
  2 wraiths
  7 redbacks
  A tarantella (Spider:4)
  2 yaks (Lair:4)
  9 ushabtiu
  4 fire elementals
  A golden eye (Slime:5)
  2 vampire mosquitoes (Swamp:2)
  3 swamp worms
  A swamp drake (Swamp:4)
  A water moccasin (Lair:4)
  A porcupine (Lair:2)
  4 orc warriors
  An eye of draining (Slime:5)
  8 ogres
  A wolf (Lair:6)
  A crocodile (Lair:6)
  A bullfrog (D:10)
  A killer bee (Spider:1)
  A crimson imp (D:12)
  A human zombie (Tomb:1)
  An orc wizard (Vaults:4)
  5 hell rats (Hell)
  8 mummies
  14 orcs
  2 fungi
  A starspawn tentacle (Zig:9)
285 creatures vanquished.

Vanquished Creatures (others)
  A lich (Depths:4)
  An Executioner (Zig:11)
  A lorocyproca (Zig:11)
  8 death scarabs
  A vampire mage (Depths:1)
  A storm dragon zombie (Tomb:2)
  A shadow wraith (Vaults:2)
  A spriggan druid (Swamp:2)
  An ugly thing (D:15)
  A rime drake (Zig:6)
  An ice devil (Zig:11)
  A human (Depths:4)
  A golden eye (Slime:4)
  An insubstantial wisp (Swamp:4)
  A swamp worm (Lair:4)
  A swamp drake (Swamp:1)
  A spiny frog skeleton (Tomb:3)
  A slave (D:5)
  4 ogres
  A crimson imp (D:15)
  A hell rat (Hell)
  4 mummies
  An adder (shapeshifter) (Vaults:5)
  3 orcs
  3 briar patches
  4 fungi
  9 plants
  2 starspawn tentacles (Zig:9)
57 creatures vanquished.

Grand Total: 2833 creatures vanquished

Notes
Turn   | Place    | Note
-------+----------+-------------------------------------------
     0 | D:1      | hyperkramin the Gargoyle Necromancer began the quest for the Orb.
     0 | D:1      | Reached XP level 1. HP: 10/10 MP: 3/3
   395 | D:1      | Reached XP level 2. HP: 8/15 MP: 1/5
  1120 | D:2      | Reached skill level 4 in Necromancy
  1139 | D:2      | Reached XP level 3. HP: 16/19 MP: 1/6
  1654 | D:2      | Noticed Robin
  1794 | D:1      | Killed Robin
  1794 | D:1      | Reached XP level 4. HP: 11/24 MP: 0/7
  2677 | D:2      | Reached skill level 5 in Necromancy
  2965 | D:2      | Found a white marble altar of Elyvilon.
  3057 | D:3      | Reached XP level 5. HP: 28/28 MP: 6/8
  3095 | D:3      | Found a bloodstained altar of Trog.
  3408 | D:3      | Found a burning altar of Makhleb.
  4265 | D:3      | Found a shadowy altar of Dithmenos.
  4460 | D:4      | Noticed Purgy
  4510 | D:4      | Killed Purgy
  4510 | D:4      | Reached skill level 1 in Fighting
  4510 | D:4      | Reached skill level 1 in Polearms
  4510 | D:4      | Reached XP level 6. HP: 7/34 MP: 2/9
  5208 | D:4      | Got a pair of polished boots
  5214 | D:4      | Identified the +1 pair of boots "Feleupot" {*Contam Int+8 Dex+3 Slay+2} (You found it on level 4 of the Dungeon)
  5448 | D:5      | Entered Level 5 of the Dungeon
  5465 | D:5      | Learned a level 3 spell: Regeneration
  5470 | D:5      | Learned a level 4 spell: Animate Dead
  5695 | D:5      | Noticed a sky beast
  5756 | D:5      | Killed a sky beast
  5756 | D:5      | Reached XP level 7. HP: 32/40 MP: 4/10
  5901 | D:5      | Noticed Pikel
  5901 | D:5      | Found a sand-covered staircase.
  5910 | Ossuary  | Entered an ossuary
  6018 | Ossuary  | Reached skill level 6 in Necromancy
  6164 | Ossuary  | Got a jewelled spear
  6172 | Ossuary  | Identified the cursed +0 spear of Xom's Fury {freeze, rElec} (You found it in an ossuary)
  6216 | D:5      | Killed Pikel
  6216 | D:5      | Reached skill level 5 in Polearms
  6216 | D:5      | Reached XP level 8. HP: 28/48 MP: 0/11
  6504 | D:5      | Noticed Blork the orc
  6509 | D:5      | Killed Blork the orc
  6509 | D:5      | Reached skill level 1 in Maces & Flails
  6516 | D:5      | Reached skill level 5 in Fighting
  7056 | D:5      | Reached XP level 9. HP: 51/54 MP: 9/12
  7116 | D:6      | Found a hide-covered altar of Uskayaw.
  7175 | D:6      | Noticed Dowan
  7176 | D:6      | Noticed Duvessa
  7198 | D:6      | Killed Duvessa
  7201 | D:6      | Killed Dowan
  7448 | D:6      | Noticed a dagger
  7448 | D:6      | Noticed a hand axe
  7458 | D:6      | Noticed Menkaure
  7478 | D:6      | Killed Menkaure
  7478 | D:6      | Reached skill level 5 in Maces & Flails
  7656 | D:6      | Found a shimmering altar of Xom.
  8171 | D:5      | HP: 4/55 [orc warrior/dire flail (9)]
  8684 | D:7      | Found a deep blue altar of Sif Muna.
  9242 | D:7      | Got a pair of dazzling gloves
  9253 | D:7      | Identified the +0 pair of gloves "Kiwneonn" {+Fly rElec MR++ Dex+3} (You found it on level 7 of the Dungeon)
  9265 | D:7      | Reached XP level 10. HP: 63/63 MP: 13/13
  9351 | D:7      | Identified Sif Muna's Guide on Necromancy
  9381 | D:7      | Found a basalt altar of Yredelemnul.
  9516 | D:7      | Found a staircase to the Ecumenical Temple.
  9526 | Temple   | Entered the Ecumenical Temple
  9605 | Temple   | Became a worshipper of Kikubaaqudgha
  9643 | D:7      | Found a hazy altar of Hepliaklqana.
  9644 | D:7      | Found a shimmering altar of Xom.
  9645 | D:7      | Noticed a spectral ugly thing
  9898 | D:8      | Reached skill level 1 in Armour
  9907 | D:8      | Found a stormy altar of Qazlal.
  9925 | D:8      | Noticed Grum
  9932 | D:8      | Killed Grum
 10139 | D:8      | Found Cil Fapu's Assorted Antiques.
 10142 | D:8      | Bought a shiny iron wand for 152 gold pieces
 10142 | D:8      | Bought a blackened copper wand for 152 gold pieces
 10142 | D:8      | Bought a scroll labeled IKHLAY CITU for 38 gold pieces
 10142 | D:8      | Bought a scroll labeled SOINAL LEDENEX for 38 gold pieces
 10325 | D:9      | Found Ixuodira's Jewellery Shop.
 10331 | D:9      | Reached * piety under Kikubaaqudgha
 10331 | D:9      | Identified Kikubaaqudgha's Tome of Darkness (Kikubaaqudgha gifted it to you on level 9 of the Dungeon)
 10331 | D:9      | Received a gift from Kikubaaqudgha
 10793 | D:9      | Found a staircase to the Lair.
 11056 | D:9      | Reached ** piety under Kikubaaqudgha
 11064 | D:9      | Reached skill level 10 in Maces & Flails
 11086 | D:9      | Found a shattered altar of Ashenzari.
 11179 | D:9      | Found a sparkling altar of Nemelex Xobeh.
 11194 | D:9      | Reached XP level 11. HP: 71/71 MP: 14/14
 11683 | Lair:1   | Entered Level 1 of the Lair of Beasts
 12403 | Lair:2   | Noticed an oklob plant
 12641 | Lair:2   | Reached skill level 10 in Fighting
 12911 | Lair:2   | Noticed Nergalle
 12934 | Lair:2   | Killed Nergalle
 13101 | Lair:2   | Reached *** piety under Kikubaaqudgha
 13101 | Lair:2   | Identified Kikubaaqudgha's Guide on Evil (Kikubaaqudgha gifted it to you on level 2 of the Lair of Beasts)
 13101 | Lair:2   | Received a gift from Kikubaaqudgha
 13443 | Lair:3   | Reached XP level 12. HP: 68/77 MP: 15/15
 13876 | Lair:3   | Noticed Snorg
 13906 | Lair:3   | Killed Snorg
 13968 | Lair:3   | Reached skill level 7 in Necromancy
 14151 | Lair:3   | Found a hole to the Spider Nest.
 14155 | Lair:3   | Reached skill level 5 in Dodging
 14788 | Lair:4   | Reached skill level 5 in Armour
 14809 | Lair:4   | Reached **** piety under Kikubaaqudgha
 15062 | Lair:4   | Noticed a seven-headed hydra
 15070 | Lair:4   | Killed a seven-headed hydra
 15070 | Lair:4   | Reached skill level 8 in Necromancy
 15149 | Lair:4   | Found a staircase to the Swamp.
 15502 | Lair:5   | Found a staircase to the Slime Pits.
 15521 | Lair:5   | Reached skill level 5 in Spellcasting
 15687 | Lair:5   | Noticed a death yak
 15689 | Lair:5   | Noticed a death yak
 15690 | Lair:5   | Noticed a death yak
 15718 | Lair:5   | Killed a death yak
 15718 | Lair:5   | Reached skill level 1 in Charms
 15718 | Lair:5   | Reached XP level 13. HP: 30/82 MP: 8/20
 15858 | Lair:4   | Learned a level 5 spell: Cigotuvi's Embrace
 15901 | Lair:4   | Reached skill level 9 in Necromancy
 16364 | Lair:6   | Entered Level 6 of the Lair of Beasts
 16434 | Lair:6   | Found a labyrinth entrance.
 16442 | Lab      | Entered a labyrinth
 16625 | Lab      | Found an exit through the horrors of the Abyss.
 16922 | Lab      | Noticed a minotaur
 16939 | Lab      | Killed a minotaur
 16941 | Lab      | Got a coiled ivory ring
 16943 | Lab      | Identified the ring of Ycamn {rF++ rC- rN+ Int+5} (You took it off a minotaur in a labyrinth)
 16976 | Lab      | Got a steaming mace
 16977 | Lab      | Identified the cursed +2 mace "Coro Hui" {protect, Stlth+} (You found it in a labyrinth)
 17421 | Lair:6   | Reached ***** piety under Kikubaaqudgha
 17421 | Lair:6   | Reached skill level 10 in Necromancy
 17657 | Lair:6   | Noticed a fire dragon
 17754 | Lair:6   | Found a large runed door.
 17758 | Lair:6   | Reached skill level 1 in Shields
 17832 | Lair:6   | Found a large runed door.
 17957 | Lair:6   | Killed a fire dragon
 18909 | D:10     | Entered Level 10 of the Dungeon
 19021 | D:10     | Gained mutation: Your large and strong wings let you fly indefinitely. [Gargoyle growth]
 19021 | D:10     | Reached XP level 14. HP: 79/88 MP: 21/21
 19029 | D:10     | Found a staircase to the Orcish Mines.
 19046 | D:10     | Found a deep blue altar of Sif Muna.
 19046 | D:10     | Noticed Gastronok
 19047 | D:10     | Noticed Josephine
 19063 | D:10     | Killed Josephine
 19161 | D:10     | Killed Gastronok
 19161 | D:10     | Reached skill level 11 in Necromancy
 19455 | D:10     | Got a twisted chain mail
 19466 | D:10     | Identified the +2 chain mail of Hysteria {+Inv Str-3 Int+2} (You found it on level 10 of the Dungeon)
 19944 | Orc:1    | Entered Level 1 of the Orcish Mines
 20056 | Orc:1    | Found a roughly hewn altar of Beogh.
 20203 | Orc:2    | Entered Level 2 of the Orcish Mines
 20210 | Orc:2    | Noticed Sonja
 20245 | Orc:2    | Killed Sonja
 20320 | Orc:2    | Reached ****** piety under Kikubaaqudgha
 20355 | Orc:2    | Found a frozen archway.
 20430 | Orc:2    | Reached skill level 5 in Shields
 20576 | IceCv    | Entered an ice cave
 20882 | Orc:2    | Noticed an orc warlord
 21240 | Orc:1    | Killed an orc warlord
 21391 | Orc:2    | Reached skill level 10 in Armour
 21501 | Orc:2    | Found a staircase to the Elven Halls.
 21511 | Orc:2    | Found Tuciolak's Armour Shoppe.
 21511 | Orc:2    | Found Puste's Gadget Boutique.
 21522 | Orc:2    | Found Oviuwnul's Weapon Shop.
 21522 | Orc:2    | Found Seept's Distillery.
 21544 | Orc:2    | Bought a potion of ambrosia for 88 gold pieces
 21594 | Orc:2    | Found Xuces's Antique Armour Shoppe.
 21596 | Orc:2    | Noticed Nessos
 21597 | Orc:2    | Noticed Rupert
 21628 | Orc:2    | Killed Nessos
 21633 | Orc:2    | Killed Rupert
 21653 | Orc:2    | Bought a scorched chain mail for 285 gold pieces
 21653 | Orc:2    | Bought a bronze chain mail for 285 gold pieces
 21663 | Orc:2    | Identified the +3 chain mail of Protective Custody {rElec rN+ Int+2} (You bought it in a shop on level 2 of the Orcish Mines)
 21674 | Orc:2    | Identified the cursed +0 chain mail of the Accordion {rF+ Str+4 Int-5} (You bought it in a shop on level 2 of the Orcish Mines)
 21681 | Orc:2    | Bought a heavily runed ring mail for 270 gold pieces
 21686 | Orc:2    | Identified the +3 ring mail "Lapsigg" {-Tele rN++ Slay+5} (You bought it in a shop on level 2 of the Orcish Mines)
 22999 | D:11     | Noticed dsb250's ghost (adept DsBe)
 23349 | D:11     | Killed dsb250's ghost
 23349 | D:11     | Reached skill level 5 in Charms
 23349 | D:11     | Reached XP level 15. HP: 55/92 MP: 14/22
 23565 | D:11     | Reached skill level 12 in Necromancy
 23762 | D:12     | Noticed Erolcha
 23769 | D:12     | Killed Erolcha
 23783 | D:12     | Found a snail-covered altar of Cheibriados.
 24572 | D:12     | Identified a scroll of acquirement
 24578 | D:12     | Identified a +6 demon trident of pain (a +4 demon trident of flaming bloodied by Kikubaaqudgha)
 24578 | D:12     | Received a gift from Kikubaaqudgha
 24740 | D:13     | Found a gate to the Vaults.
 24849 | D:13     | Found Vuilaunk's General Store.
 25188 | D:14     | Found a glowing golden altar of the Shining One.
 25274 | D:14     | Noticed alcopop's ghost (journeyman DrWz)
 25305 | D:14     | Killed alcopop's ghost
 26082 | D:15     | Entered Level 15 of the Dungeon
 26756 | D:15     | Reached skill level 10 in Polearms
 26951 | D:15     | Reached XP level 16. HP: 94/97 MP: 23/23
 27147 | D:15     | Found a staircase to the Depths.
 27276 | D:15     | Found a blossoming altar of Fedhas.
 27749 | Swamp:1  | Entered Level 1 of the Swamp
 27875 | Swamp:1  | Noticed Kirke
 27883 | Swamp:1  | Killed Kirke
 28668 | Swamp:2  | Learned a level 4 spell: Control Undead
 28675 | Swamp:2  | Learned a level 5 spell: Dispel Undead
 29234 | Swamp:3  | Noticed Jorgrun
 29260 | Swamp:3  | Killed Jorgrun
 29432 | Swamp:3  | Noticed Donald
 29445 | Swamp:3  | Killed Donald
 29447 | Swamp:3  | Got a steaming shield
 29458 | Swamp:3  | Identified the +5 shield of the Pirate {Dex-2 Slay+5} (You took it off Donald on level 3 of the Swamp)
 29555 | Swamp:3  | Noticed a thorn hunter
 29568 | Swamp:3  | Killed a thorn hunter
 29829 | Swamp:4  | Entered Level 4 of the Swamp
 29829 | Swamp:4  | Noticed a thorn hunter
 29850 | Swamp:4  | Killed a thorn hunter
 29876 | Swamp:3  | HP: 4/97 [lindwurm/blast of flame (25)]
 29894 | Swamp:3  | Reached XP level 17. HP: 38/103 MP: 2/24
 30170 | Swamp:3  | Reached skill level 10 in Shields
 30226 | Swamp:4  | Got a decaying rune of Zot
 30395 | Swamp:4  | Learned a level 2 spell: Repel Missiles
 30404 | Swamp:4  | Learned a level 2 spell: Blink
 30609 | Swamp:4  | Noticed Mara
 30624 | Swamp:4  | Noticed hyperkramin's illusion
 30755 | Spider:1 | Entered Level 1 of the Spider Nest
 30759 | Spider:1 | Reached skill level 1 in Translocations
 30761 | Spider:1 | Reached skill level 1 in Air Magic
 30884 | Spider:1 | Noticed Nikola
 30894 | Spider:1 | Killed Nikola
 32041 | Spider:3 | Got a faintly humming scale mail
 32069 | Spider:3 | Identified the +1 scale mail "Xumuruz" {*Corrode rN+ Int+4 Slay+3} (You found it on level 3 of the Spider Nest)
 32538 | Spider:4 | Entered Level 4 of the Spider Nest
 32639 | Spider:4 | Reached XP level 18. HP: 101/110 MP: 25/25
 33078 | Spider:4 | Got a gossamer rune of Zot
 33609 | Vaults:1 | Entered Level 1 of the Vaults
 33675 | Vaults:1 | Found Palucronk's Magic Scroll Shop.
 34375 | Vaults:1 | Gained mutation: You are partially covered in rugged brown scales. (AC +1, +3% HP) [a neqoxec]
 34867 | Vaults:2 | Reached XP level 19. HP: 121/121 MP: 26/26
 35067 | Vaults:2 | Got a fine scale mail
 35078 | Vaults:2 | Identified the +1 scale mail of Ubanic {MR+ Int-4 Stlth+} (You found it on level 2 of the Vaults)
 35646 | Vaults:2 | Found a staircase to the Crypt.
 36583 | Vaults:3 | Noticed Boris
 36614 | Vaults:3 | Killed Boris
 37197 | Vaults:3 | Noticed Frederick
 37226 | Vaults:3 | Killed Frederick
 37642 | Vaults:4 | Reached skill level 10 in Dodging
 37673 | Vaults:4 | Reached XP level 20. HP: 128/130 MP: 27/27
 38061 | Vaults:4 | Found Buzischysm's Weapon Shop.
 38187 | Vaults:4 | Found a portal to a secret trove of treasure.
 38545 | Vaults:4 | Noticed Boris
 38586 | Vaults:4 | Killed Boris
 39167 | Depths:1 | Entered Level 1 of the Depths
 39194 | Depths:1 | Found Piumoaf's Gadget Shoppe.
 39289 | Depths:1 | Found Wikoatin's Armour Shop.
 39767 | Depths:1 | Found Viugi's Book Shoppe.
 39785 | Depths:1 | Found Bushroj Oxod's Antique Armour Emporium.
 39793 | Depths:1 | Bought a runed cloak for 273 gold pieces
 39825 | Depths:1 | Found Vucrucij's Weapon Shoppe.
 39928 | Depths:1 | Found a runed door.
 39953 | Depths:1 | Reached skill level 15 in Fighting
 40118 | Depths:1 | Reached skill level 15 in Armour
 40183 | Depths:1 | Noticed a caustic shrike
 40197 | Depths:1 | Killed a caustic shrike
 40197 | Depths:1 | Reached skill level 15 in Shields
 40245 | Depths:1 | Identified the Compendium of Spatial Attacks
 40249 | Depths:1 | Learned a level 1 spell: Apportation
 40287 | Depths:1 | Found a gateway to Hell.
 40471 | Depths:1 | Reached XP level 21. HP: 138/138 MP: 29/29
 40566 | Depths:1 | Reached skill level 5 in Translocations
 40847 | Depths:1 | Reached skill level 5 in Air Magic
 40953 | Hell     | Entered the Vestibule of Hell
 40953 | Hell     | Noticed Geryon
 40958 | Hell     | Noticed Murray
 41019 | Depths:1 | Killed Murray
 41192 | Hell     | Killed Geryon
 41199 | Hell     | Reached skill level 13 in Necromancy
 41205 | Hell     | HP: 12/138 [reaper/scythe of protection (29)]
 41529 | Vaults:4 | You paid a toll of the horn of Geryon to enter a treasure trove
 41530 | Trove    | Entered a treasure trove
 41538 | Trove    | Got a vibrating copper ring
 41540 | Trove    | Identified the ring of Zaeneux {+Fly rC+ Stlth+} (You found it in a treasure trove)
 41542 | Trove    | Got a heavily runed cloak
 41553 | Trove    | Identified the +1 cloak of the Spider Nest {rPois rC+ rN+ MR+} (You found it in a treasure trove)
 42044 | Orc:2    | Bought a runed crystal plate armour for 2580 gold pieces
 42295 | Depths:1 | Bought a +2 pair of gloves of strength for 430 gold pieces
 42649 | Depths:2 | Found a gateway to a ziggurat.
 42672 | Depths:2 | Found a one-way gate to the infinite horrors of the Abyss.
 43124 | Depths:2 | Reached skill level 14 in Necromancy
 43129 | Depths:2 | Reached XP level 22. HP: 101/144 MP: 33/33
 43637 | Depths:3 | Noticed Mennas
 43669 | Depths:2 | Killed Mennas
 43736 | Depths:3 | Found a one-way gate leading to the halls of Pandemonium.
 43829 | Depths:3 | You are sucked into a shaft for 2 floors!
 43829 | Depths:5 | Entered Level 5 of the Depths
 43905 | Depths:5 | Got a wavering silver ring
 43907 | Depths:5 | Identified the ring "Joustr Mabirph" {rElec Int+3 SInv} (You acquired it on level 5 of the Depths)
 44225 | Depths:4 | Found a runed door.
 44275 | Depths:4 | Noticed an ancient lich
 44300 | Depths:4 | Reached skill level 15 in Necromancy
 44550 | Depths:4 | Noticed Sojobo
 44570 | Depths:4 | Killed Sojobo
 44648 | Depths:4 | Found a glowing golden altar of the Shining One.
 45140 | Depths:4 | Killed an ancient lich
 45147 | Depths:4 | Got a pair of scorched boots
 45149 | Depths:4 | Identified the +0 pair of boots of Instinct {Int+6} (You found it on level 4 of the Depths)
 45190 | Depths:4 | Identified the cursed +0 chain mail of Ivafule {rCorr Dex+3} (You found it on level 4 of the Depths)
 45341 | Depths:3 | Noticed Xtahua
 45350 | Depths:3 | Killed Xtahua
 45350 | Depths:3 | Reached XP level 23. HP: 141/148 MP: 36/36
 45437 | Depths:3 | Found Daadd's Antique Armour Shop.
 45501 | Depths:3 | Reached skill level 16 in Necromancy
 45572 | Depths:3 | Found Taez's Antique Armour Boutique.
 45572 | Depths:3 | Found Egesaloxt's Antique Armour Shop.
 46997 | Depths:5 | Paralysed by a floating eye for 4 turns
 47337 | Depths:5 | Reached skill level 17 in Necromancy
 47599 | Depths:5 | Found a gate to the Realm of Zot.
 47943 | Crypt:1  | Entered Level 1 of the Crypt
 48495 | Crypt:1  | Reached XP level 24. HP: 154/154 MP: 36/36
 48798 | Crypt:2  | Noticed an ancient lich
 48817 | Crypt:2  | Killed an ancient lich
 48912 | Crypt:2  | Reached skill level 18 in Necromancy
 49594 | Crypt:3  | Entered Level 3 of the Crypt
 50162 | Crypt:3  | Noticed an ancient lich
 50162 | Crypt:3  | Noticed an ancient lich
 50331 | Crypt:3  | Killed an ancient lich
 50335 | Crypt:3  | Killed an ancient lich
 50335 | Crypt:3  | Reached skill level 19 in Necromancy
 50371 | Crypt:3  | Identified Wetovan's Catalogue of Unholy Magic
 50532 | Crypt:3  | Identified the Disquisition on Sinister Rituals
 50617 | Crypt:3  | Found a staircase to the Tomb.
 51081 | Vaults:5 | Entered Level 5 of the Vaults
 51125 | Vaults:5 | Reached XP level 25. HP: 141/159 MP: 36/36
 51263 | Vaults:5 | Identified the Grimoire of the Earthen Entourage
 51268 | Vaults:5 | Identified the Guide on Torrid Changing
 51619 | Vaults:5 | Found Urucsaep's Gadget Shoppe.
 51688 | Vaults:5 | Identified the Handbook of the Aerial Rocks
 51831 | Vaults:5 | Reached skill level 20 in Necromancy
 51895 | Vaults:5 | Found Xunoush's Distillery.
 51991 | Vaults:5 | Gained mutation: You have sharp fingernails. [potion of beneficial mutation]
 52012 | Vaults:5 | Bought a potion of curing for 48 gold pieces
 52012 | Vaults:5 | Bought a potion of curing for 48 gold pieces
 52012 | Vaults:5 | Bought a potion of curing for 48 gold pieces
 52012 | Vaults:5 | Bought a potion of heal wounds for 80 gold pieces
 52012 | Vaults:5 | Bought a potion of haste for 160 gold pieces
 52027 | Vaults:5 | Identified the +6 plate armour "Focuk" {rPois Int+4 Dex+2 Slay+2} (You found it on level 5 of the Vaults)
 52653 | Vaults:5 | Got a silver rune of Zot
 52994 | Tomb:1   | Entered Level 1 of the Tomb of the Ancients
 53370 | Tomb:1   | Noticed a greater mummy
 53403 | Tomb:1   | Reached XP level 26. HP: 74/164 MP: 30/36
 53456 | Tomb:1   | Noticed a greater mummy
 53605 | Crypt:3  | Killed a greater mummy
 53713 | Tomb:1   | Killed a greater mummy
 54210 | Tomb:2   | Noticed a greater mummy
 54211 | Tomb:2   | Noticed a greater mummy
 54214 | Tomb:2   | Noticed a greater mummy
 54216 | Tomb:2   | Noticed a greater mummy
 54227 | Tomb:2   | Killed a greater mummy
 54228 | Tomb:2   | Killed a greater mummy
 54233 | Tomb:2   | Killed a greater mummy
 54233 | Tomb:2   | Reached skill level 21 in Necromancy
 54242 | Tomb:2   | Killed a greater mummy
 54564 | Tomb:1   | Noticed a greater mummy
 54567 | Tomb:1   | Noticed a greater mummy
 54568 | Tomb:1   | Noticed a greater mummy
 54605 | Tomb:2   | Killed a greater mummy
 54750 | Tomb:1   | Killed a greater mummy
 54755 | Tomb:1   | Killed a greater mummy
 54828 | Tomb:1   | Noticed a greater mummy
 54838 | Tomb:1   | Killed a greater mummy
 54877 | Tomb:1   | Noticed a greater mummy
 54887 | Tomb:1   | Noticed a greater mummy
 54888 | Tomb:1   | Killed a greater mummy
 54898 | Tomb:1   | Killed a greater mummy
 54908 | Tomb:1   | Noticed a greater mummy
 54908 | Tomb:1   | Noticed a greater mummy
 54923 | Tomb:1   | Killed a greater mummy
 54934 | Tomb:1   | Killed a greater mummy
 54951 | Tomb:1   | Noticed a greater mummy
 54964 | Tomb:1   | Killed a greater mummy
 55063 | Tomb:1   | Noticed a greater mummy
 55070 | Tomb:1   | Noticed a greater mummy
 55071 | Tomb:1   | Noticed a greater mummy
 55072 | Tomb:1   | Noticed a greater mummy
 55184 | Tomb:1   | Killed a greater mummy
 55306 | Tomb:1   | Killed a greater mummy
 55306 | Tomb:1   | Reached skill level 22 in Necromancy
 55319 | Tomb:1   | Killed a greater mummy
 55487 | Tomb:3   | Entered Level 3 of the Tomb of the Ancients
 55517 | Tomb:3   | Noticed a greater mummy
 55517 | Tomb:3   | Noticed a greater mummy
 55529 | Tomb:3   | Noticed a greater mummy
 55616 | Tomb:3   | Noticed a greater mummy
 55633 | Tomb:3   | Killed a greater mummy
 55640 | Tomb:2   | Killed a greater mummy
 55734 | Tomb:3   | Noticed a greater mummy
 55740 | Tomb:3   | Killed a greater mummy
 55742 | Tomb:3   | Killed a greater mummy
 55742 | Tomb:3   | Reached XP level 27. HP: 96/169 MP: 34/36
 55780 | Tomb:3   | Killed a greater mummy
 55834 | Tomb:3   | Noticed a greater mummy
 55840 | Tomb:3   | Killed a greater mummy
 55851 | Tomb:3   | Noticed a greater mummy
 55857 | Tomb:3   | Killed a greater mummy
 55872 | Tomb:3   | Noticed a greater mummy
 55880 | Tomb:3   | Killed a greater mummy
 55911 | Tomb:3   | Noticed a greater mummy
 55918 | Tomb:3   | Killed a greater mummy
 55949 | Tomb:3   | Got a golden rune of Zot
 55986 | Tomb:3   | Reached skill level 23 in Necromancy
 56186 | Tomb:3   | Identified the Handbook of the Gravedigger
 56285 | Tomb:3   | Identified the Papyrus of the Dark Snowflakes
 56306 | Tomb:3   | Identified the Handbook of Creation
 56309 | Tomb:3   | Identified the Catalogue of Glacial Earth
 56314 | Tomb:3   | Got an ancient turquoise ring
 56316 | Tomb:3   | Identified the ring "Riteis" {Wiz *Contam +Blink Str+4 Int+9} (You found it on level 3 of the Tomb of the Ancients)
 56357 | Tomb:3   | Got a translucent lead ring
 56358 | Tomb:3   | Identified the ring of the Morning {*Slow +Inv MR+ MP+9 Slay+5} (You found it on level 3 of the Tomb of the Ancients)
 56370 | Tomb:3   | Learned a level 8 spell: Borgnjor's Revivification
 56386 | Tomb:3   | Identified the cursed +1 chain mail "Samy" {-Tele *Drain rF++ Int+3} (You found it on level 3 of the Tomb of the Ancients)
 56419 | Tomb:3   | Identified the +4 scale mail of the Tormentor {*Corrode rPois rC+ rN++} (You found it on level 3 of the Tomb of the Ancients)
 56711 | Tomb:1   | Noticed a greater mummy
 56724 | Tomb:1   | Killed a greater mummy
 57309 | Slime:1  | Entered Level 1 of the Pits of Slime
 57555 | Slime:4  | Gained mutation: Armour fits poorly on your strangely shaped body. [a shining eye]
 57578 | Slime:5  | Entered Level 5 of the Pits of Slime
 57641 | Slime:5  | Paralysed by a floating eye for 3 turns
 57666 | Slime:5  | Found a viscous altar of Jiyva.
 57670 | Slime:5  | Noticed the Royal Jelly
 57678 | Slime:5  | Killed the Royal Jelly
 57763 | Slime:5  | Got a clouded ruby amulet
 57764 | Slime:5  | Identified the amulet "Fuitodud" {Gourm rElec rC+ rN+} (You found it on level 5 of the Pits of Slime)
 57768 | Slime:5  | Identified the ring of the Fool {Slay+5 SInv} (You found it on level 5 of the Pits of Slime)
 57770 | Slime:5  | Got a slimy rune of Zot
 57891 | Slime:5  | Identified the +6 scale mail "Pownycis" {*Slow rF+ Int+7} (You found it on level 5 of the Pits of Slime)
 57900 | Slime:5  | Lost mutation: Armour fits poorly on your strangely shaped body. [potion of cure mutation]
 57900 | Slime:5  | Lost mutation: You are partially covered in rugged brown scales. (AC +1, +3% HP) [potion of cure mutation]
 57900 | Slime:5  | Lost mutation: You have sharp fingernails. [potion of cure mutation]
 57901 | Slime:5  | Gained mutation: You have large cloven feet. [potion of beneficial mutation]
 57908 | Slime:5  | Identified a +4 rod of clouds (12/12) (You found it on level 5 of the Pits of Slime)
 58434 | Zig:1    | Entered Level 1 of a ziggurat
 58458 | Zig:2    | Entered Level 2 of a ziggurat
 58461 | Zig:2    | Noticed Kunu the pandemonium lord
 58481 | Zig:2    | Killed Kunu the pandemonium lord
 58495 | Zig:3    | Entered Level 3 of a ziggurat
 58566 | Zig:4    | Entered Level 4 of a ziggurat
 58599 | Zig:4    | Identified the +2 crystal plate armour of the Unseen Realm {rPois} (You found it on level 4 of a ziggurat)
 58604 | Zig:5    | Entered Level 5 of a ziggurat
 58646 | Zig:5    | Identified the Compendium of Calling and Shape Shifting
 58677 | Zig:6    | Entered Level 6 of a ziggurat
 58684 | Zig:6    | Noticed Soicasoac the pandemonium lord
 58700 | Zig:6    | Killed Soicasoac the pandemonium lord
 58761 | Zig:7    | Entered Level 7 of a ziggurat
 58795 | Zig:7    | Reached skill level 24 in Necromancy
 58823 | Zig:7    | Identified the Catalogue of Helpful Evil
 58838 | Zig:8    | Entered Level 8 of a ziggurat
 58921 | Zig:9    | Entered Level 9 of a ziggurat
 58989 | Zig:9    | Got a bound granite ring
 58990 | Zig:9    | Identified the ring of Nawaf {*Tele Str+5 Stlth+} (You found it on level 9 of a ziggurat)
 59238 | Depths:3 | Bought a brightly glowing plate armour for 952 gold pieces
 59238 | Depths:3 | Identified the cursed +1 plate armour of Supple Strength {rPois rF- MR+ Str+3} (You bought it in a shop on level 3 of the Depths)
 61025 | Depths:1 | Bought a runed plate armour for 754 gold pieces
 61157 | Depths:3 | Bought a runed plate armour for 667 gold pieces
 61701 | Slime:4  | Gained mutation: Your body sometimes deteriorates upon taking damage. [a shining eye]
 62667 | Zig:1    | Entered Level 1 of a ziggurat
 62835 | Zig:2    | Entered Level 2 of a ziggurat
 62972 | Zig:3    | Entered Level 3 of a ziggurat
 63124 | Zig:4    | Entered Level 4 of a ziggurat
 63169 | Zig:5    | Entered Level 5 of a ziggurat
 63180 | Zig:5    | Got a flickering brass ring
 63182 | Zig:5    | Identified the ring of Zoleutin {rN+ AC+3 Int+3 Stlth-} (You found it on level 5 of a ziggurat)
 63239 | Zig:6    | Entered Level 6 of a ziggurat
 63405 | Zig:7    | Entered Level 7 of a ziggurat
 63498 | Zig:7    | Got a faintly glowing plate armour
 63509 | Zig:7    | Identified the +5 plate armour "Suvoisom" {rElec Str+2 SInv} (You found it on level 7 of a ziggurat)
 63531 | Zig:8    | Entered Level 8 of a ziggurat
 63615 | Zig:9    | Entered Level 9 of a ziggurat
 63680 | Zig:9    | Identified the Handbook of Dislocated Poisoning
 63685 | Zig:9    | Got a transparent silver ring
 63687 | Zig:9    | Identified the cursed ring "Kegun" {Int-3 Slay+3} (You found it on level 9 of a ziggurat)
 63788 | Zig:10   | Entered Level 10 of a ziggurat
 63789 | Zig:10   | Noticed an ancient lich
 63799 | Zig:10   | Killed an ancient lich
 63894 | Zig:11   | Entered Level 11 of a ziggurat
 63903 | Zig:11   | Noticed Xotrix the pandemonium lord
 63922 | Zig:11   | HP: 14/170 [Brimstone Fiend/damnation (38)]
 63922 | Zig:11   | Killed from afar by a Hell Sentinel

Skill      XL: |  1  2  3  4  5  6  7  8  9 10 11 12 13 14 15 16 17 18 19 20 21 22 23 24 25 26 27 |
---------------+----------------------------------------------------------------------------------+-----
Necromancy     | 4 5 6 8 10 11 12 14 15 17 19 20 22 24 | 24.1
Fighting       | 1 2 4 5 7 9 10 11 12 14 15 16 | 16.8
Polearms       | 1 3 5 10 14 | 14.0
Maces & Flails | 3 7 10 12 | 12.0
Armour         | 4 6 8 10 11 12 14 15 16 18 19 20 21 | 21.2
Dodging        | 4 5 7 8 10 11 12 | 12.7
Spellcasting   | 5 7 9 |  9.0
Charms         | 1 4 5 7 |  7.6
Shields        | 3 9 11 12 14 15 | 15.0
Translocations | 4 5 7 |  7.4
Air Magic      | 4 5 7 |  7.2
Stealth        | |  2.1

Action                   |  1- 3 |  4- 6 |  7- 9 | 10-12 | 13-15 | 16-18 | 19-21 | 22-24 | 25-27 || total
-------------------------+-------+-------+-------+-------+-------+-------+-------+-------+-------++-------
Melee: Unarmed           |    24 |     5 |       |       |       |       |       |       |       ||    29
       Rapier            |     5 |    25 |       |       |       |       |       |       |       ||    30
       Trident           |       |    51 |   185 |       |       |       |       |       |       ||   236
       Whip              |       |       |   199 |   905 |  1590 |       |       |       |       ||  2694
       Flail             |       |       |       |       |    71 |       |       |       |       ||    71
       Demon trident     |       |       |       |       |   344 |  1385 |  1666 |  1094 |  1081 ||  5570
       Trishula          |       |       |       |       |       |       |       |   632 |   811 ||  1443
 Cast: Pain              |    62 |   164 |    51 |       |       |       |       |       |       ||   277
       Animate Dead      |       |       |     1 |    21 |    55 |    69 |    60 |    39 |    29 ||   274
       Regeneration      |       |       |     3 |     9 |    46 |    29 |    40 |    18 |    91 ||   236
       Repel Missiles    |       |       |       |       |       |     1 |     8 |     3 |     7 ||    19
       Blink             |       |       |       |       |       |       |     1 |       |     1 ||     2
       Control Undead    |       |       |       |       |       |       |     5 |    19 |    44 ||    68
       Dispel Undead     |       |       |       |       |       |       |       |     8 |    19 ||    27
       Cigotuvi's Embrac |       |       |       |       |       |       |       |       |    21 ||    21
       Apportation       |       |       |       |       |       |       |       |       |    15 ||    15
Invok: Receive Corpses   |       |       |       |       |     1 |     4 |     4 |       |    21 ||    30
       Brand Weapon With |       |       |       |       |     1 |       |       |       |       ||     1
 Abil: Evoke Flight      |       |       |       |     1 |       |       |       |       |       ||     1
       Fly               |       |       |       |       |     2 |     1 |       |       |     1 ||     4
       Stop Flying       |       |       |       |       |     2 |       |       |     1 |     1 ||     4
Evoke: Wand              |       |       |       |       |     3 |     4 |       |     2 |     6 ||    15
       Phantom mirror    |       |       |       |       |     1 |       |       |       |       ||     1
       Figurine of a zig |       |       |       |       |       |       |       |       |     1 ||     1
  Use: Potion            |       |     3 |       |       |       |     1 |     3 |       |     8 ||    15
       Scroll            |       |     2 |     1 |    20 |    22 |     4 |    10 |    20 |    32 ||   111
 Stab: Sleeping          |       |       |     2 |     7 |     1 |     2 |       |       |       ||    12
       Confused          |       |       |       |     3 |       |     2 |       |       |     1 ||     6
       Distracted        |       |       |       |     4 |     9 |     8 |    16 |     6 |    18 ||    61
       Betrayed ally     |       |       |       |       |       |       |       |       |     1 ||     1
  Eat: Chunk             |     4 |    15 |     4 |    20 |    30 |    26 |    21 |    17 |    24 ||   161
       Pizza             |       |       |     1 |     1 |       |     2 |     2 |     2 |     1 ||     9
       Beef jerky        |       |       |     2 |     1 |     2 |     1 |     2 |     1 |     5 ||    14
       Meat ration       |       |       |     1 |       |     3 |       |       |     2 |     2 ||     8
       Royal jelly       |       |       |       |     1 |     1 |     4 |     5 |       |     4 ||    15
       Bread ration      |       |       |       |       |       |       |       |       |     3 ||     3
       Fruit             |       |       |       |       |       |       |       |       |     1 ||     1
Armor: Ring mail         |    43 |   105 |   202 |    57 |   228 |   354 |       |       |       ||   989
       Leather armour    |     3 |       |       |       |       |       |       |       |       ||     3
       Skin              |       |    18 |       |       |       |       |       |       |     7 ||    25
       Troll leather arm |       |       |       |   153 |    36 |       |       |       |       ||   189
       Chain mail        |       |       |       |       |   495 |       |       |       |       ||   495
       Scale mail        |       |       |       |       |       |   132 |   326 |       |       ||   458
       Crystal plate arm |       |       |       |       |       |       |   103 |   702 |  1205 ||  2010
       Pearl dragon scal |       |       |       |       |       |       |     1 |       |     1 ||     2
       Plate armour      |       |       |       |       |       |       |       |       |   213 ||   213
       Fire dragon scale |       |       |       |       |       |       |       |       |     2 ||     2
Dodge: Dodged            |    45 |   118 |   175 |   433 |   749 |   503 |   403 |   248 |   636 ||  3310
       Deflected         |       |       |       |       |       |     5 |    31 |    12 |    40 ||    88
Block: Shield            |       |       |       |       |   420 |   754 |   936 |   893 |  1852 ||  4855
